 Dungeon Crawl Stone Soup version 0.31.0-12-g77e489cdc1 (webtiles) character file.

Game seed: 8909471406810193776

2571 sking99 the Destroyer (level 9, -13/59 HPs)
             Began as a Gargoyle Conjurer on Feb 28, 2024.
             Was a Believer of Ashenzari.
             Mangled by a freezing wraith (19 damage)
             ... on level 7 of the Dungeon.
             The game lasted 00:19:38 (8156 turns).

sking99 the Destroyer (Gargoyle Conjurer)           Turns: 8156, Time: 00:19:39

Health: -13/59     AC: 10    Str: 12    XL:     9   Next: 57%
Magic:  5/19       EV: 12    Int: 22    God:    Ashenzari [**....]
Gold:   211        SH:  5    Dex:  8    Spells: 11/22 levels left

rFire   . . .        d - +3 dagger of the Eternal Orthodoxy {Melee, Self} (curse)
rCold   . . .        (no shield)
rNeg    + . .        a - +0 robe "Inaction of Ashenzari" {Fort, Comp} (curse)
rPois   ∞            (no helmet)
rElec   +            (no cloak)
rCorr   .            o - +1 pair of gloves "Cursed Trepidation" {Elem, Self} (curse)
SInv    +            (no boots)
Will    .....        i - amulet of reflection
Stlth   ++           (no ring)
HPRegen 0.29/turn    (no ring)
MPRegen 0.16/turn

%: reflection
@: slowed, very slow
A: sickness immunity, AC +6, negative energy resistance 1, electricity
resistance, torment resistance 1, petrification resistance
a: Renounce Religion, Shatter the Chains


You were on level 7 of the Dungeon.
You worshipped Ashenzari.
Ashenzari was pleased with you.
You visited 2 branches of the dungeon, and saw 8 of its levels.

You collected 496 gold pieces.
You spent 285 gold pieces at shops.

Inventory:

Hand Weapons
 d - the cursed +3 dagger of the Eternal Orthodoxy (weapon) {Melee, Self}
   (You found it on level 1 of the Dungeon)

   It has a curse which improves the following skills: Melee Combat: Short
   Blades, Long Blades, Axes, Maces & Flails, Polearms, Staves and Unarmed
   Combat.
   Introspection: Fighting and Spellcasting.
Armour
 a - the cursed +0 robe "Inaction of Ashenzari" (worn) {Fort, Comp}

   It has a curse which improves the following skills: Fortitude: Armour and
   Shields.
   Companions: Summonings and Necromancy.
 o - the cursed +1 pair of gloves "Cursed Trepidation" (worn) {Elem, Self}
   (You found it on level 3 of the Dungeon)

   It has a curse which improves the following skills: Elements: Fire Magic, Ice
   Magic, Air Magic and Earth Magic.
   Introspection: Fighting and Spellcasting.
 z - the +3 pair of boots "Ohig" {rF- rN++ Str+6}
   (You bought it in a shop on level 7 of the Dungeon)

   Str+6:     It affects your strength (+6).
   rF-:       It makes you vulnerable to fire.
   rN++:      It greatly protects you from negative energy.
Magical Staves
 f - a staff of conjuration
Jewellery
 i - an amulet of reflection (around neck)
 j - an amulet of the acrobat
 q - an amulet of guardian spirit
 B - an amulet of magic regeneration
Wands
 p - a wand of roots (16)
Scrolls
 c - a scroll of poison
 h - a scroll of amnesia
 l - 5 scrolls of identify
 m - 2 scrolls of immolation
 n - 3 scrolls of blinking
 r - 2 scrolls of teleportation
 u - 2 scrolls of fear
 x - a scroll of revelation
 y - 2 scrolls of enchant armour
 A - a scroll of acquirement
Potions
 b - a potion of magic
 e - 7 potions of curing
 g - a potion of degeneration
 k - 3 potions of might
 s - 2 potions of mutation
 t - 2 potions of attraction
 v - a potion of lignification
 w - 3 potions of enlightenment


   Skills:
 - Level 6.1(7.9) Fighting
 - Level 2.7(3.7) Armour
 - Level 4.0 Dodging
 - Level 2.1 Stealth
 - Level 5.5(7.2) Spellcasting
 * Level 8.4 Conjurations
 + Level 2.8 Translocations
 + Level 2.5 Alchemy


You had 11 spell levels left.
You knew the following spells:

 Your Spells              Type           Power      Damage    Failure   Level
a - Magic Dart            Conj           100%       1d8       1%          1
b - Searing Ray           Conj           90%        2d7       1%          2
c - Fulminant Prism       Conj/Alch      16%        3d10      9%          4
d - Iskenderun's Mystic   Conj/Tloc      32%        2d8       8%          4

Your spell library contained the following spells:

 Spells                   Type           Power      Damage    Failure   Level
 Kiss of Death            Conj/Necr      100%       2d13      1%          1
 Hailstorm                Conj/Ice       26%        3d7       4%          3
 Volatile Blastmotes      Fire/Tloc      28%        2d12      13%         3
 Summon Ice Beast         Ice/Summ       8%         N/A       22%         3
 Confusing Touch          Hex            8%         N/A       24%         3
 Dispel Undead            Necr           8%         3d8       58%         4
 Sculpt Simulacrum        Ice/Alch       6%         N/A       100%        6


Dungeon Overview and Level Annotations

Branches:
Dungeon (7/15)             Temple (1/1) D:7

Altars:
Ashenzari
Cheibriados
Dithmenos
Gozag
Hepliaklqana
Kikubaaqudgha
Makhleb
Nemelex Xobeh
Qazlal
Ru
Sif Muna
Trog
Uskayaw
Yredelemnul
Zin

Shops:
D:7 =*[=[


Innate Abilities, Weirdness & Mutations

You are immune to sickness and miasma.
Your stone body is resilient. (AC +6)
You are immune to poison.
You resist negative energy. (rN+)
You are resistant to electric shocks. (rElec)
You are resistant to unholy torment.
You are immune to petrification.


Message History

The freezing wraith is moderately damaged.
The searing ray hits the white imp!
You kill the white imp! (Press . to maintain the ray.)
The freezing wraith closely misses you. The freezing wraith hits you.
The freezing wraith drains your vigour!
You feel yourself slow down.
The searing ray hits the freezing wraith but does no damage.
The freezing wraith is heavily damaged.
The searing ray hits the freezing wraith but does no damage.
The freezing wraith is moderately damaged.
You block the freezing wraith's attack.
The freezing wraith hits you but does no damage.
The searing ray hits the freezing wraith but does no damage.
The freezing wraith is heavily damaged.
The searing ray hits the freezing wraith but does no damage.
The freezing wraith is moderately damaged.
The freezing wraith hits you. The freezing wraith freezes you!
The freezing wraith closely misses you. The freezing wraith hits you.
The freezing wraith freezes you!! The freezing wraith hits you!
* * * LOW HITPOINT WARNING * * *
The searing ray hits the freezing wraith.
The freezing wraith is heavily damaged.
The searing ray hits the freezing wraith.
The freezing wraith is moderately damaged.
You finish channelling your searing ray.
You block the freezing wraith's attack. The freezing wraith closely misses you.
Casting: Searing Ray (safe; 1% risk of failure)
Confirm with . or Enter, or press ? or * to list all spells.
Aiming: Searing Ray (safe; 1% risk of failure)
Press: ? - help, Shift-Dir - straight line, f/p - freezing wraith
Aim: a freezing wraith (moderately damaged, 82% to hit)
The searing ray hits the freezing wraith but does no damage.
The freezing wraith is heavily damaged.
The searing ray hits the freezing wraith!
The freezing wraith is heavily damaged. (Press . to maintain the ray.)
The freezing wraith hits you!
* * * LOW HITPOINT WARNING * * *
The freezing wraith freezes you!!
You die...

.#.#..).....#
###.........#
.#...#......#
....#.......#
.>.#####....#
....#.......#
.#...#......#
###.....^...###########
.#.#..#.........@WW...#
.#.(.##.....#########.##
.#.......[[## #..#
...####....## ##.#
..#.<.#.....# #.#
............# #.#
.+..........# ....#.#
.#..........# ...#.##
)##...##....# #..#..#


You could see 2 freezing wraiths.

Vanquished Creatures
  Joseph (D:7)
  An ice devil (D:7)
  A wyvern (D:7)
  Menkaure (D:4)
  Edmund (D:6)
  A water moccasin (D:6)
  An ice beast (D:6)
  A black bear (D:6)
  2 ogres
  A phantom (D:4)
  A kobold brigand (D:7)
  2 bullfrogs (D:7)
  A scorpion (D:6)
  5 wights (D:6)
  2 bombardier beetles
  A jelly (D:6)
  4 hounds
  3 iguanas
  3 orc wizards
  6 adders
  5 white imps
  2 ufetubi (D:6)
  3 dart slugs
  A ribbon worm (D:5)
  17 orcs
  4 endoplasms
  2 giant cockroaches
  8 goblins
  4 hobgoblins
  2 jackals (D:3)
  3 quokkas
  6 ball pythons
  9 bats
  4 frilled lizards
  8 kobolds
  3 rats
120 creatures vanquished.

Notes
Turn   | Place    | Note
-------+----------+-------------------------------------------
     0 | D:1      | sking99 the Gargoyle Conjurer began the quest for the Orb.
     0 | D:1      | Reached XP level 1. HP: 10/10 MP: 3/3
   166 | D:1      | Reached XP level 2. HP: 2/15 MP: 1/5
   287 | D:1      | Reached skill level 5 in Conjurations
  1068 | D:2      | Learned a level 2 spell: Searing Ray
  1113 | D:2      | Reached XP level 3. HP: 19/19 MP: 2/6
  1202 | D:2      | Found a faded altar of an unknown god.
  1465 | D:2      | You fall into a shaft and drop 1 floor!
  1697 | D:3      | Reached skill level 6 in Conjurations
  1697 | D:3      | Reached XP level 4. HP: 24/24 MP: 2/7
  2436 | D:2      | Learned a level 4 spell: Fulminant Prism
  3044 | D:3      | Reached XP level 5. HP: 28/28 MP: 4/8
  3173 | D:3      | Found an ancient bone altar of Kikubaaqudgha.
  3182 | D:3      | Found an opulent altar of Gozag.
  3395 | D:3      | Reached skill level 1 in Armour
  3416 | D:4      | Noticed Menkaure
  3420 | D:4      | Noticed a phantom
  3484 | D:4      | Reached skill level 1 in Fighting
  3522 | D:4      | Noticed an ogre
  3528 | D:4      | Killed an ogre
  3557 | D:4      | Reached XP level 6. HP: 35/35 MP: 3/10
  3649 | D:4      | Killed Menkaure
  3806 | D:4      | Learned a level 4 spell: Iskenderun's Mystic Blast
  3911 | D:4      | Found a broken altar of Ashenzari.
  4238 | D:4      | Became a worshipper of Ashenzari the Shackled
  4330 | D:4      | Reached XP level 7. HP: 38/41 MP: 4/12
  4392 | D:5      | Entered Level 5 of the Dungeon
  4675 | D:5      | Found a sparkling altar of Nemelex Xobeh.
  5429 | D:6      | Found a snail-covered altar of Cheibriados.
  5530 | D:6      | Noticed Edmund
  5541 | D:6      | Killed Edmund
  5542 | D:6      | Reached XP level 8. HP: 36/49 MP: 5/15
  5602 | D:6      | Reached skill level 5 in Fighting
  6057 | D:6      | Reached skill level 5 in Spellcasting
  6832 | D:6      | Reached * piety under Ashenzari
  6832 | D:6      | Identified a scroll of acquirement
  6833 | D:6      | Acquired a staff of conjuration
  6982 | D:7      | Found a staircase to the Ecumenical Temple.
  6992 | Temple   | Entered the Ecumenical Temple
  7025 | D:7      | Noticed a wyvern
  7034 | D:7      | Killed a wyvern
  7035 | D:7      | Reached skill level 7 in Conjurations
  7035 | D:7      | Reached skill level 1 in Translocations
  7035 | D:7      | Reached skill level 1 in Alchemy
  7035 | D:7      | Reached XP level 9. HP: 38/56 MP: 7/18
  7106 | D:7      | Found Fujuitrad's Antique Armour Shoppe.
  7170 | D:7      | Reached ** piety under Ashenzari
  7172 | D:7      | Found Xaowyfy's Antique Armour Shop.
  7180 | D:7      | Bought a pair of encrusted boots for 285 gold pieces
  7180 | D:7      | Identified the +3 pair of boots "Ohig" {rF- rN++ Str+6}
                  | (You bought it in a shop on level 7 of the Dungeon)
  7459 | D:7      | Noticed Joseph
  7475 | D:7      | Killed Joseph
  7615 | D:7      | Found Bitalier's General Store.
  7670 | D:7      | Reached skill level 8 in Conjurations
  7896 | D:7      | Found Qugiy's Jewellery Shop.
  7944 | D:7      | Found Aprae's Jewellery Shoppe.
  7998 | D:7      | Noticed an ice devil
  7998 | D:7      | Noticed an ice devil
  8024 | D:7      | Killed an ice devil
  8122 | D:7      | Noticed a freezing wraith
  8123 | D:7      | Noticed a freezing wraith
  8156 | D:7      | Mangled by a freezing wraith

Illustrated notes

Levels and vault maps discovered:
D:1:      sevenhm_arrival_forest_fort_small_4, layout_loops_ring
D:2:      layout_basic, shapermc_ecumenical_altar_totnotflames
D:3:      layout_loops_ring, jmf_multi_god_temple2, minmay_puff
D:4:      layout_cave_pools, lemuel_round_altar, uniq_menkaure
D:5:      layout_basic, general_overflow_altar
D:6:      layout_loops_ring, kennysheep_slug_shrine, bh_walls_and_bars,
          uniq_edmund
D:7:      layout_gridville, tgw_fedhas, minmay_temple_entry_arrows,
          serial_shops, shop, nicolae_shop_temple_entry_statues_fountains,
          nicolae_shop_pleasant_corner_grove, nicolae_shop_waterfront, shop,
          hellmonk_guarded_unrand_frostbite, uniq_joseph
Temple:   hellmonk_temple_flake

Skill      XL: |  1  2  3  4  5  6  7  8  9 |
---------------+----------------------------+-----
Conjurations   | 5 6 7 8 |  8.4
Armour         | 2 |  2.7
Fighting       | 2 3 4 6 |  6.1
Spellcasting   | 3 4 5 |  5.5
Dodging        | 2 4 |  4.0
Translocations | 1 2 |  2.8
Alchemy        | 1 2 |  2.5
Stealth        | |  2.1

Action                     |  1- 3 |  4- 6 |  7- 9 || total
---------------------------+-------+-------+-------++-------
  Melee: Dagger            |     7 |     2 |       ||     9
   Cast: Magic Dart        |    44 |    77 |   111 ||   232
         Searing Ray       |     4 |     5 |    42 ||    51
 Invoke: Curse Item        |       |       |     3 ||     3
    Use: Scroll            |       |     1 |     1 ||     2
         Potion            |       |       |     1 ||     1
 Armour: Robe              |     8 |     8 |    59 ||    75
  Dodge: Dodged            |     6 |    10 |    42 ||    58
  Block: Other             |       |     4 |    17 ||    21
         Reflection        |       |       |     1 ||     1
